 Dungeon Crawl Stone Soup version 0.31-a0-986-g5e6e4ef867 (webtiles) character file.

Game seed: 8781107892228056922

43 Demosthentine the Poker (level 3, 0/28 HPs)
             Began as a Demonspawn Gladiator on Nov 10, 2023.
             Slain by a gnoll
             ... wielding a +0 spear
              (4 damage)
             ... on level 2 of the Dungeon.
             The game lasted 00:01:33 (1333 turns).

Demosthentine the Poker (Demonspawn Gladiator)      Turns: 1333, Time: 00:01:34

Health: 0/28       AC:  7    Str: 16    XL:     3   Next: 37%
Magic:  3/3        EV: 12    Int:  9    God:
Gold:   73         SH:  0    Dex: 14    Spells: 2/2 levels left

rFire   . . .        a - +0 trident
rCold   . . .        (no shield)
rNeg    . . .        b - +0 leather armour
rPois   .            (helmet restricted)
rElec   .            o - +1 cloak
rCorr   .            (no gloves)
SInv    .            i - +1 pair of boots
Will    .....        (no amulet)
Stlth   +            (no ring)
HPRegen 0.24/turn    (no ring)
MPRegen 0.08/turn

%: no passive effects
@: attractive
A: horns 1, ignite blood 1
a: no special abilities


You were on level 2 of the Dungeon.
You visited 1 branch of the dungeon, and saw 2 of its levels.

You collected 95 gold pieces.
You spent 22 gold pieces at shops.

Inventory:

Hand Weapons
 a - a +0 trident (weapon)
Missiles
 d - 3 throwing nets (quivered)
 e - a javelin
Armour
 b - a +0 leather armour (worn)
 i - a +1 pair of boots (worn)
 o - a +1 cloak (worn)
Scrolls
 h - a scroll of identify
 j - a scroll of fog
 k - 2 scrolls of enchant weapon {unknown}
Potions
 f - a potion of heal wounds {unknown}
 g - a potion of degeneration {unknown}
 l - a potion of might {unknown}
 n - a potion of mutation {unknown}


   Skills:
 + Level 2.5 Fighting
 + Level 3.1 Polearms
 - Level 1.7 Throwing
 + Level 1.2 Armour
 + Level 3.1 Dodging


You had 2 spell levels left.
You didn't know any spells.
Your spell library contained the following spells:

 Spells                   Type           Power      Damage    Failure   Level
 Dazzling Flash           Conj/Hex       0%         N/A       83%         3
 Agony                    Necr           0%         N/A       100%        5
 Silence                  Hex/Air        0%         N/A       100%        5


Dungeon Overview and Level Annotations

Branches:
Dungeon (2/15)

Altars:

Shops:
D:1 =   D:2 *


Innate Abilities, Weirdness & Mutations

You have a pair of small horns on your head.
Your demonic aura sometimes causes spilled blood to erupt in flames.


Message History

Your unstable footing causes you to fumble your attack.
Something hits the plant!
There are monsters nearby!
You hit the gnoll.
The gnoll is lightly wounded.
The gnoll barely misses you.
There are monsters nearby!
Your unstable footing causes you to fumble your attack.
The gnoll hits you with a +0 flail!
The gnoll splashes around in the water.
Unknown command.
The gnoll attacks as it pursues you! The gnoll hits you with a +0 flail.
The gnoll hits the plant with a +0 spear!
The plant begins to die.
You reach to attack!
You hit the gnoll.
The gnoll is moderately wounded.
You hit the gnoll. You headbutt the gnoll!
The gnoll is severely wounded.
The gnoll barely misses you.
You puncture the gnoll!
You kill the gnoll!
You hit the gnoll but do no damage.
The gnoll is moderately wounded.
The gnoll hits you from afar with a +0 spear.
The gnoll closely misses you. The gnoll barely misses you.
You closely miss the gnoll.
The gnoll is moderately wounded.
The gnoll hits you with a +0 flail.
The gnoll hits you from afar with a +0 spear!
* * * LOW HITPOINT WARNING * * *
It was a potion of attraction.
You feel attractive to monsters. The gnoll barely misses you.
The gnoll closely misses you.
You barely miss the gnoll.
The gnoll is moderately wounded.
The gnoll closely misses you. The gnoll hits you but does no damage.
You hit the gnoll.
The gnoll is moderately wounded.
The gnoll barely misses you.
The gnoll hits you from afar with a +0 spear.
You die...

###..........PP~#
#.......P~.P~P#
#.....P~PPPP~~#
#....P~~P~♣~~PP#
#.#P.PP♣~~~PP|.#
..~.~~~♣~~..P...#
.~~P~~~♣PPPP####.#
..P~♣♣~♣PP### #.#
P~~ ♣♣~PPP #@# ~P
♣≈♣PP. #g#
♣≈≈~~~.####g# ~g
♣~...P~.#
♣≈~~~~.~#
~PP~P♣~~.#
PPP~P.P~~#
###.####.# # ..#


You could see 2 gnolls.

Vanquished Creatures
  A gnoll (D:2)
  A dart slug (D:1)
  4 bats
  4 endoplasms (D:1)
  4 goblins (D:1)
  2 hobgoblins
  A quokka (D:1)
  2 ball pythons
  2 frilled lizards (D:1)
  2 kobolds (D:1)
  9 rats
32 creatures vanquished.

Notes
Turn   | Place    | Note
-------+----------+-------------------------------------------
     0 | D:1      | Demosthentine the Demonspawn Gladiator began the quest for
                  | the Orb.
     0 | D:1      | Reached XP level 1. HP: 16/16 MP: 1/1
   171 | D:1      | Gained mutation: Your demonic aura sometimes causes spilled
                  | blood to erupt in flames. [demonic ancestry]
   171 | D:1      | Reached XP level 2. HP: 18/22 MP: 2/2
   206 | D:1      | Found Zydady's Jewellery Emporium.
   498 | D:1      | Reached skill level 1 in Armour
  1023 | D:2      | Found Wepnad's General Store.
  1038 | D:2      | Bought a scroll of identify for 22 gold pieces
  1067 | D:2      | Gained mutation: You have a pair of small horns on your
                  | head. [demonic ancestry]
  1067 | D:2      | Reached XP level 3. HP: 28/28 MP: 3/3
  1333 | D:2      | Slain by a gnoll

Illustrated notes

Levels and vault maps discovered:
D:1:      lightli_molten_gateway, layout_basic, serial_shops,
          nicolae_shop_statue_plus
D:2:      layout_basic, serial_shops, shop, serial_bayou_lagoon_a,
          minmay_tetromino_i2

Skill      XL: |  1  2 |
---------------+-------+-----
Armour         | 1 |  1.2
Dodging        | 3 |  3.1
Polearms       | 3 |  3.1
Fighting       | |  2.5
Throwing       | |  1.7

Action                     || total
---------------------------++-------
  Melee: Trident           ||    96
         Headbutt          ||     1
    Use: Scroll            ||     5
         Potion            ||     1
 Armour: Leather armour    ||    38
  Dodge: Dodged            ||    45

Table legend: (Time is in decaauts)
 A = Elapsed time spent in this place.
 B = Non-inter-level travel time spent in this place.
 C = Inter-level travel time spent in this place.
 D = Time resting spent in this place.
 E = Time spent auto-exploring this place.
 F = Levels seen in this place.
 G = Mean time per level.
                   A        B        C        D        E       F      G
               +--------+--------+--------+--------+--------+-----+--------+
         Total |   1351 |   1325 |     26 |      0 |   1074 |   2 |  675.5 |
       Dungeon |   1351 |   1325 |     26 |      0 |   1074 |   2 |  675.5 |
               +--------+--------+--------+--------+--------+-----+--------+

Top non-repeatable levels by time:
     D:1: 1003 daAuts
     D:2: 348 daAuts
